 Dungeon Crawl Stone Soup version 0.21-a0-634-gaf8bc5d (webtiles) character file.

474 Lanoc the Shield-Bearer (level 7, -2/55 HPs)
             Began as a Formicid Fighter on Dec 29, 2017.
             Was an Initiate of Qazlal.
             Slain by a mummy (10 damage)
             ... in an ossuary.
             The game lasted 00:09:27 (3424 turns).

Lanoc the Shield-Bearer (Formicid Fighter)          Turns: 3424, Time: 00:09:28

Health: -2/55      AC:  9    Str: 21    XL:     7   Next: 32%
Magic:  7/7        EV:  9    Int:  7    God:    Qazlal [......]
Gold:   92         SH: 10    Dex: 12    Spells: 6/6 levels left

rFire    . . .     SeeInvis +   a - +1 long sword
rCold    . . .     Gourm    .   c - +0 shield
rNeg     . . .     Faith    .   b - +0 scale mail
rPois    .         Spirit   .   (helmet unavailable)
rElec    .         Reflect  .   (no cloak)
rCorr    .         Harm     .   (no gloves)
MR       .....                  k - +1 pair of boots
Stlth    ..........             (no amulet)
HPRegen  0.18/turn              (no ring)
MPRegen  0.10/turn              (no ring)

@: no status effects
A: permanent stasis, dig shafts and tunnels, four strong arms, antennae 3
a: Dig, Shaft Self, Renounce Religion


You were in an ossuary.
You worshipped Qazlal.
Qazlal was noncommittal.
You were hungry.

You visited 1 branch of the dungeon, and saw 5 of its levels.
You also visited: Ossuary.

You collected 92 gold pieces.

Inventory:

Hand Weapons
 a - a +1 long sword (weapon)
 g - a +0 hunting sling
Missiles
 h - 20 bolts
 l - 3 tomahawks (quivered)
 q - 36 sling bullets
Armour
 b - a +0 scale mail (worn)
 c - a +0 shield (worn)
 k - a +1 pair of boots (worn)
Scrolls
 i - 2 scrolls of enchant weapon
 p - a scroll of amnesia {unknown}
Potions
 d - 2 potions of might
 j - a potion of invisibility
 n - 2 potions of mutation {unknown}
 o - a potion of heal wounds {unknown}
 s - a potion of brilliance {unknown}
Comestibles
 f - 10 rations


   Skills:
 + Level 4.8 Fighting
 + Level 3.6 Long Blades
 + Level 4.8 Armour
 + Level 2.6 Dodging
 + Level 5.3 Shields
 + Level 0.2 Invocations


You had 6 spell levels left.
You didn't know any spells.

Dungeon Overview and Level Annotations

Branches:
Dungeon (5/15)
 Temple: D:4-7

Altars:
Makhleb
Okawaru
Qazlal
Vehumet


Innate Abilities, Weirdness & Mutations

You cannot be hasted, slowed, berserked, paralysed or teleported.
You can dig through walls and to a lower floor.
Your four strong arms can wield two-handed weapons with a shield.
You have a pair of large antennae on your head. (SInv)


Message History

You block the mummy's attack. The mummy hits you! You block the mummy's attack.
You closely miss the mummy.
The mummy is heavily damaged.
The mummy barely misses you. You block the mummy's attack.
You slash the mummy!
You destroy the mummy!
Qazlal accepts your kill.
You completely miss the mummy. The mummy hits you! The mummy hits you.
* * * LOW HITPOINT WARNING * * *
You barely miss the mummy. The mummy hits you but does no damage.
The mummy hits you!
* * * LOW HITPOINT WARNING * * *
Okay, then.
There is a gate leading back out of this place here.
You feel better.
You barely miss the mummy. You hit the mummy.
The mummy is lightly damaged.
You block the mummy's attack. The mummy hits you!
You die...

#....#
#....#
#....#
#....#
#....#
#....#
#....#
#.MM.#
#.@∩.#
######


You could see 2 mummies.

Vanquished Creatures
  An ogre (D:5)
  A phantom (D:4)
  A howler monkey (D:5)
  A crimson imp (D:5)
  An orc priest (D:4)
  2 mummies (Ossuary)
  6 adders
  A worm (D:2)
  3 dart slugs
  4 leopard geckos
  3 orcs
  4 giant cockroaches
  10 goblins
  8 hobgoblins
  10 jackals
  9 kobolds
  2 quokkas
  A ball python (D:5)
  A ball python skeleton (D:5)
  9 bats
  5 frilled lizards
  4 gnoll zombies (Ossuary)
  A kobold zombie (Ossuary)
  3 orc zombies (Ossuary)
  A quokka skeleton (D:5)
  A quokka zombie (D:5)
  9 rats
102 creatures vanquished.

Notes
Turn   | Place    | Note
-------+----------+-------------------------------------------
     0 | D:1      | Lanoc the Formicid Fighter began the quest for the Orb.
     0 | D:1      | Reached XP level 1. HP: 18/18 MP: 1/1
    47 | D:1      | Reached XP level 2. HP: 12/24 MP: 2/2
   157 | D:1      | Reached XP level 3. HP: 15/29 MP: 3/3
   269 | D:1      | Reached skill level 4 in Shields
   279 | D:1      | Reached skill level 1 in Dodging
   492 | D:2      | Reached XP level 4. HP: 31/37 MP: 4/4
   956 | D:2      | Reached XP level 5. HP: 31/42 MP: 5/5
  1096 | D:3      | Found an iron altar of Okawaru.
  2211 | D:4      | Noticed a phantom
  2275 | D:4      | Killed a phantom
  2275 | D:4      | Reached XP level 6. HP: 22/49 MP: 6/6
  2952 | D:5      | Entered Level 5 of the Dungeon
  2976 | D:5      | Reached skill level 5 in Shields
  2983 | D:5      | Noticed an ogre
  2983 | D:5      | Found a stormy altar of Qazlal.
  2998 | D:5      | Killed an ogre
  2998 | D:5      | Reached XP level 7. HP: 23/55 MP: 7/7
  3037 | D:5      | Found a radiant altar of Vehumet.
  3038 | D:5      | Found a burning altar of Makhleb.
  3060 | D:5      | Became a worshipper of Qazlal Stormbringer
  3094 | D:5      | Found a sand-covered staircase.
  3105 | Ossuary  | Entered an ossuary
  3419 | Ossuary  | HP: 2/55 [mummy (14)]
  3424 | Ossuary  | Slain by a mummy

Vault maps used:
D:1:      lightli_arrival_boilingwater
D:2:      bh_walls_and_bars
D:3:      old_standard_altar, first_ration
D:5:      grunt_temple_overflow_lords_of_destruction, lemuel_crystal_altar,
          enter_ossuary_5, grunt_tough_drop
Ossuary:  ossuary_tomb_3

Skill      XL: |  1  2  3  4  5  6 |
---------------+-------------------+-----
Shields        | 4 5 |  5.3
Dodging        | 1 2 |  2.6
Armour         | 4 |  4.8
Fighting       | 4 |  4.8
Long Blades    | 3 |  3.6
Invocations    | |  0.2

Action                   |  1- 3 |  4- 6 |  7- 9 || total
-------------------------+-------+-------+-------++-------
Melee: Long sword        |    92 |   223 |    49 ||   364
Throw: Tomahawk          |       |     6 |       ||     6
 Abil: Dig               |       |       |     1 ||     1
  Use: Scroll            |       |     8 |     1 ||     9
       Potion            |       |       |     1 ||     1
  Eat: Chunk             |       |     5 |       ||     5
       Ration            |       |     1 |       ||     1
Armor: Scale mail        |    69 |    81 |    11 ||   161
Dodge: Dodged            |    48 |    69 |    13 ||   130
Block: Shield            |    84 |   129 |    20 ||   233
       Rpst.: Long sword |    20 |    25 |     6 ||    51

Table legend:
 A = Spawn XP
 B = Non-spawn XP
 C = Spawn XP percentage of total XP
 D = Spawn monster count
 E = Non-spawn monster count
 F = Spawn count percentage of total count
 G = Total turns spent on level
                    A         B        C        D         E        F      G
               +---------+---------+-------+---------+---------+-------+---------
         Total |       0 |     678 |   0.0 |       0 |     102 |   0.0 |  3424
               +---------+---------+-------+---------+---------+-------+---------
           D:1 |       0 |      58 |   0.0 |       0 |      31 |   0.0 |   458
           D:2 |       0 |      90 |   0.0 |       0 |      30 |   0.0 |   569
           D:3 |       0 |      51 |   0.0 |       0 |      16 |   0.0 |   908
           D:4 |       0 |     194 |   0.0 |       0 |       8 |   0.0 |  1017
           D:5 |       0 |     239 |   0.0 |       0 |       7 |   0.0 |   153
       Ossuary |       0 |      46 |   0.0 |       0 |      10 |   0.0 |   319
               +---------+---------+-------+---------+---------+-------+---------
